[Event "Team 45 45 League T94"]
[Site "Internet Chess Club"]
[Date "2022.11.12"]
[Round "5"]
[White "ChessG2011"]
[Black "jfkingiii"]
[Result "1-0"]
[WhiteElo "1361"]
[BlackElo "1498"]
[Opening "Petrov's defense"]
[ECO "C42"]
[Time "19:00:44"]
[PlyCount "95"]
[TimeControl "2700+45"]

1. e4 e5 2. Nf3 Nf6 3. Nxe5 d6 4. Nf3 Nxe4 5. Be2 d5 6. Nc3 Nxc3 7. dxc3 Be7 8.
O-O O-O 9. Be3 Be6 10. Nd4 Bd7 11. Qd2 Nc6 12. Rfd1 Nxd4 13. cxd4 Re8 14. c3 Bd6
15. Re1 Qh4 16. g3 Qe4 17. Bd3 Qf3 18. Qe2 Qf6 19. Qd2 h6 20. Be2 Re7 21. Qd1 c6
22. Bf3 Rae8 23. Bg2 Bf5 24. Qd2 Be4 25. Bxe4 Rxe4 26. Qc2 c5 27. Qd2 cxd4 28.
Bxd4 Qe6 29. Rxe4 Qxe4 30. Bxa7 Qc4 31. Bd4 Re2 32. Qd1 Rxb2 33. Qc1 Rxa2 34.
Rb1 b5 35. Rb2 Rxb2 36. Qxb2 Bc5 37. Bxc5 Qxc5 38. Kg2 Kf8 39. Kf3 Qc4 40. Qa3+
Ke8 41. Ke3 Qe4+ 42. Kd2 Qf3 43. Ke1 Qd3 44. Qa8+ Ke7 45. Qb7+ Kd6 46. Qb6+ Ke5
47. Qc7+ Ke4 48. Qf4# {Black checkmated} 1-0

[Event "Team 45 45 League T94"]
[Site "Internet Chess Club"]
[Date "2022.11.14"]
[Round "5"]
[White "ElValero"]
[Black "Goli"]
[Result "1/2-1/2"]
[WhiteElo "1720"]
[BlackElo "1807"]
[Opening "English: symmetrical, Benoni formation"]
[ECO "A31"]
[Time "14:01:02"]
[PlyCount "114"]
[TimeControl "2700+45"]

1. d4 Nf6 2. c4 c5 3. Nf3 cxd4 4. Nxd4 g6 5. Nc3 Bg7 6. e4 d6 7. Be2 O-O 8. O-O
Nc6 9. Be3 a6 10. Rc1 Bd7 11. f3 Rc8 12. Nxc6 Bxc6 13. b4 Bd7 14. Qb3 Be6 15.
Nd5 Nxd5 16. exd5 Bf5 17. Rfd1 h5 18. c5 Qd7 19. c6 bxc6 20. Bxa6 Ra8 21. dxc6
Qc7 22. Bb7 Be6 23. Qd3 Rxa2 24. Bd4 Bxd4+ 25. Qxd4 d5 26. b5 Bh3 27. Rd2 Rxd2
28. Qxd2 Qb6+ 29. Qf2 Qxb5 30. gxh3 d4 31. Qc2 Qg5+ 32. Kf1 d3 33. Qc5 Qd2 34.
c7 Qe2+ 35. Kg1 d2 36. c8=Q d1=Q+ 37. Rxd1 Qxd1+ 38. Kg2 Qd2+ 39. Kg3 Qe1+ 40.
Qf2 Qxf2+ 41. Kxf2 Rxc8 42. Bxc8 e5 43. h4 f5 44. Bb7 Kf7 45. Bd5+ Kf6 46. Ke3
g5 47. hxg5+ Kxg5 48. Be6 h4 49. Bc8 Kf6 50. Kf2 Kg5 51. Ke3 Kf6 52. Bb7 Kg5 53.
Bc6 Kf6 54. h3 Kg5 55. Be8 Kf6 56. Bh5 Kg5 57. Bg4 Kf6 {Game drawn by mutual
agreement} 1/2-1/2

[Event "Team 45 45 League T94"]
[Site "Internet Chess Club"]
[Date "2022.11.09"]
[Round "5"]
[White "cysk"]
[Black "julesraider"]
[Result "1/2-1/2"]
[WhiteElo "1671"]
[BlackElo "1597"]
[Opening "Caro-Kann: advance variation"]
[ECO "B12"]
[Time "21:31:11"]
[PlyCount "53"]
[TimeControl "2700+45"]

1. e4 c6 2. d4 d5 3. e5 c5 4. Nf3 Nc6 5. c4 cxd4 6. Nxd4 e6 7. Nc3 Nge7 8. Ndb5
Nxe5 9. Qa4 N5c6 10. Nd4 Bd7 11. cxd5 Nxd4 12. Qxd4 exd5 13. Bb5 Bxb5 14. Nxb5
Nc6 15. Qxd5 Bb4+ 16. Ke2 Qe7+ 17. Be3 Rd8 18. Qg5 f6 19. Qh5+ g6 20. Qh4 Qe5
21. a4 Qxb2+ 22. Kf3 Qe5 23. Rhd1 Qf5+ 24. Qf4 Ne5+ 25. Kg3 Qxf4+ 26. Bxf4 a6
27. Rxd8+ {Game drawn by mutual agreement} 1/2-1/2

[Event "Team 45 45 League T94"]
[Site "Internet Chess Club"]
[Date "2022.11.14"]
[Round "5"]
[White "kabindra"]
[Black "ChessMaine"]
[Result "1-0"]
[WhiteElo "1612"]
[BlackElo "1431"]
[Opening "French: advance, Milner-Barry gambit"]
[ECO "C02"]
[Time "18:00:31"]
[PlyCount "71"]
[TimeControl "2700+45"]

1. e4 e6 2. d4 d5 3. e5 c5 4. c3 Nc6 5. Nf3 Qb6 6. Bd3 cxd4 7. cxd4 Bd7 8. O-O
Nxd4 9. Nbd2 Bc5 10. Nxd4 Bxd4 11. Nf3 Ne7 12. Nxd4 Qxd4 13. Be3 Qxe5 14. Bc5 d4
15. Ba3 Qa5 16. Qg4 Qe5 17. Rfe1 Qf6 18. Re4 e5 19. Bxe7 Kxe7 20. Qe2 Kd6 21.
Qd2 a5 22. b4 b6 23. bxa5 bxa5 24. Qb2 Rhb8 25. Qa3+ Rb4 26. Rb1 Rb8 27. Rxb4
axb4 28. Qa7 Qd8 29. f4 f6 30. fxe5+ fxe5 31. Qa6+ Qb6 32. Qc4 b3 33. axb3 Qxb3
34. Qa6+ Rb6 35. Qa5 Kc7 36. Qxe5+ {Black forfeits on time} 1-0

[Event "Team 45 45 League T94"]
[Site "Internet Chess Club"]
[Date "2022.11.11"]
[Round "5"]
[White "blind-warrior"]
[Black "burlap"]
[Result "0-1"]
[WhiteElo "1193"]
[BlackElo "1247"]
[Opening "Queen's bishop game"]
[ECO "D00"]
[Time "16:01:56"]
[PlyCount "42"]
[TimeControl "2700+45"]

1. d4 d5 2. Bf4 Nf6 3. Nf3 e6 4. Nbd2 c5 5. e3 Nc6 6. Ne5 Qb6 7. Nxc6 bxc6 8.
dxc5 Qxb2 9. Bd3 Bxc5 10. O-O O-O 11. e4 dxe4 12. Nxe4 Nxe4 13. Bxe4 Ba6 14. Re1
Qf6 15. Be3 Bxe3 16. Rxe3 Rad8 17. Qe1 Rd4 18. Bxc6 Rfd8 19. Bf3 Rd2 20. Be2
Bxe2 21. Rxe2 Rxe2 {White resigns} 0-1

[Event "Team 45 45 League T94"]
[Site "Internet Chess Club"]
[Date "2022.11.10"]
[Round "5"]
[White "fileman"]
[Black "Alec-hine"]
[Result "1/2-1/2"]
[WhiteElo "1803"]
[BlackElo "1807"]
[Opening "French: Winawer, Alekhine gambit, Kan variation"]
[ECO "C15"]
[Time "14:00:55"]
[PlyCount "78"]
[TimeControl "2700+45"]

1. e4 e6 2. d4 d5 3. Nc3 Bb4 4. Ne2 dxe4 5. a3 Bxc3+ 6. Nxc3 Nc6 7. Bb5 Ne7 8.
Bg5 f6 9. Be3 O-O 10. Qd2 f5 11. O-O-O a6 12. Bxc6 Nxc6 13. Bf4 Ne7 14. f3 exf3
15. gxf3 Bd7 16. Rde1 Qe8 17. Bxc7 Qf7 18. Bd6 Rfe8 19. f4 Bc6 20. Rhg1 Ng6 21.
Qe2 Rad8 22. Be5 Nxe5 23. Qxe5 Kh8 24. Rg3 Qf6 25. Rd3 h6 26. d5 exd5 27. Qxf6
Rxe1+ 28. Kd2 gxf6 29. Kxe1 Rg8 30. Nxd5 Rg2 31. Ne3 Rxh2 32. Nxf5 h5 33. Rd2
Rh1+ 34. Ke2 h4 35. Rd6 h3 36. Rxf6 h2 37. Rh6+ Kg8 38. Ne3 Kg7 39. Rh4 Rb1
{Game drawn by mutual agreement} 1/2-1/2

[Event "Team 45 45 League T94"]
[Site "Internet Chess Club"]
[Date "2022.11.12"]
[Round "5"]
[White "timcent"]
[Black "Tufnell"]
[Result "1/2-1/2"]
[WhiteElo "1846"]
[BlackElo "1895"]
[Opening "Neo-Grünfeld defense"]
[ECO "D70"]
[Time "11:00:42"]
[PlyCount "158"]
[TimeControl "2700+45"]

1. d4 Nf6 2. c4 g6 3. f3 d5 4. cxd5 Nxd5 5. e4 Nb6 6. Be3 Bg7 7. Nc3 Nc6 8. Bb5
O-O 9. Nge2 Na5 10. b3 a6 11. Bd3 Nc6 12. Bc2 f5 13. O-O fxe4 14. Bxe4 Nb4 15.
d5 a5 16. a3 Na6 17. a4 Nb4 18. Rc1 Bd7 19. Nd4 Nc8 20. Ncb5 Na6 21. Qd2 Nd6 22.
Qxa5 Nc5 23. Qxc7 Bxd4 24. Bxd4 Nxb3 25. Bb6 Nxc1 26. Qxd8 Ne2+ 27. Kf2 Rfxd8
28. Bxd8 Nxb5 29. axb5 Rxd8 30. Kxe2 Bxb5+ 31. Bd3 Rxd5 32. Bxb5 Rxb5 33. g3 Kf7
34. Ke3 Rb4 35. Rc1 h5 36. h4 Kf6 37. Rc8 Kf5 38. Rf8+ Ke5 39. Rg8 Rb3+ 40. Ke2
Kf6 41. Rf8+ Ke6 42. Rg8 Kf7 43. Rb8 b5 44. g4 hxg4 45. fxg4 Rh3 46. Rxb5 Rxh4
47. Kf3 Kf6 48. Rb6+ Kf7 49. Kf4 Rh1 50. Kg5 Rg1 51. Rb4 Rd1 52. Rf4+ Kg7 53.
Re4 Rd5+ 54. Kf4 Kf6 55. Kf3 Rd3+ 56. Ke2 Rb3 57. Kf2 e5 58. Kg2 Rd3 59. Re1 Rd4
60. Kg3 e4 61. Kf4 g5+ 62. Ke3 Ke5 63. Rf1 Rd3+ 64. Ke2 Rf3 65. Rxf3 exf3+ 66.
Kxf3 Kd4 67. Kf2 Ke4 68. Ke2 Kf4 69. Kf2 Ke4 70. Ke2 Kf4 71. Kf2 Kxg4 72. Kg2
Kf4 73. Kf2 g4 74. Kg2 g3 75. Kg1 Kg4 76. Kg2 Kf4 77. Kg1 Kf3 78. Kf1 g2+ 79.
Kg1 Kg3 {White stalemated} 1/2-1/2

[Event "Team 45 45 League T94"]
[Site "Internet Chess Club"]
[Date "2022.11.11"]
[Round "5"]
[White "fireball"]
[Black "DaveTheRook"]
[Result "1/2-1/2"]
[WhiteElo "1589"]
[BlackElo "1399"]
[Opening "Four knights: Italian variation"]
[ECO "C28"]
[Time "19:03:40"]
[PlyCount "46"]
[TimeControl "2700+45"]

1. e4 e5 2. Bc4 Nf6 3. Nc3 Nc6 4. Nf3 d6 5. O-O Be7 6. d3 O-O 7. a3 h6 8. h3 Bd7
9. b4 a6 10. Be3 b5 11. Bb3 Qc8 12. Nh2 Be6 13. Bxe6 Qxe6 14. Ne2 d5 15. exd5
Nxd5 16. Rc1 Nxe3 17. fxe3 Rad8 18. Qe1 Bg5 19. Qg3 Rd6 20. h4 Be7 21. e4 Qg6
22. Qxg6 Rxg6 23. Nf3 Bd6 {Game drawn by mutual agreement} 1/2-1/2

[Event "Team 45 45 League T94"]
[Site "Internet Chess Club"]
[Date "2022.11.12"]
[Round "5"]
[White "ZenoElea"]
[Black "achessman"]
[Result "1/2-1/2"]
[WhiteElo "1814"]
[BlackElo "1829"]
[Opening "Caro-Kann: exchange variation"]
[ECO "B13"]
[Time "08:14:18"]
[PlyCount "138"]
[TimeControl "2700+45"]

1. e4 c6 2. d4 d5 3. exd5 cxd5 4. Bd3 Nc6 5. Nf3 Nf6 6. O-O Bg4 7. c3 e6 8. Qb3
Qc8 9. Ne5 Nxe5 10. dxe5 Nd7 11. Qa4 Bh5 12. Qh4 Bg6 13. Bxg6 fxg6 14. Re1 Bc5
15. Qh3 Qc6 16. b4 Be7 17. Nd2 a5 18. b5 Qxb5 19. Qxe6 Qc6 20. Qh3 Rc8 21. Bb2
O-O 22. Nf3 Nb6 23. Nd4 Qd7 24. Qxd7 Nxd7 25. Rad1 Nb6 26. Rb1 Na4 27. Ba1 b6
28. Rb5 Nxc3 29. Bxc3 Rxc3 30. Rxd5 Bc5 31. Rd1 Re8 32. Nf3 h6 33. h3 Rc4 34.
Rd7 Re7 35. Rxe7 Bxe7 36. Rd7 Kf8 37. g3 Rc2 38. Rd2 Rxd2 39. Nxd2 g5 40. Kg2
Kf7 41. f4 Ke6 42. Kf3 gxf4 43. gxf4 Kf5 44. Nc4 Bc5 45. Ne3+ Ke6 46. Ke4 Bxe3
47. Kxe3 g5 48. fxg5 hxg5 49. Kd4 a4 50. a3 b5 51. Kc5 Kxe5 52. Kxb5 Kf4 53.
Kxa4 Kg3 54. Kb5 Kxh3 55. a4 g4 56. a5 g3 57. a6 g2 58. a7 g1=Q 59. a8=Q Qb1+
60. Kc4 Qc2+ 61. Kb4 Qd2+ 62. Ka3 Qc3+ 63. Ka2 Qc4+ 64. Ka1 Qc1+ 65. Ka2 Qc2+
66. Ka1 Qc1+ 67. Ka2 Qc2+ 68. Ka1 Qc1+ 69. Ka2 Qc2+ {Game drawn by repetition}
1/2-1/2

[Event "Team 45 45 League T94"]
[Site "Internet Chess Club"]
[Date "2022.11.14"]
[Round "5"]
[White "BuddyT"]
[Black "martineden"]
[Result "1/2-1/2"]
[WhiteElo "1696"]
[BlackElo "1828"]
[Opening "QGD Slav: 4.e3"]
[ECO "D11"]
[Time "10:09:50"]
[PlyCount "72"]
[TimeControl "2700+45"]

1. d4 d5 2. c4 c6 3. Nf3 Nf6 4. e3 a6 5. Bd3 e6 6. O-O Bd6 7. b3 Nbd7 8. Bb2 O-O
9. Nbd2 b5 10. c5 Bc7 11. Ne5 Nxe5 12. dxe5 Nd7 13. f4 Nxc5 14. Bb1 g6 15. Qc2
Ba5 16. Qxc5 Bxd2 17. Rd1 Ba5 18. Qxc6 Bd7 19. Qd6 Bc7 20. Qa3 Bb6 21. Bd4 Qb8
22. Qe7 Rd8 23. h4 h5 24. g4 Bxd4 25. exd4 hxg4 26. h5 gxh5 27. Qg5+ Kf8 28.
Qxh5 Qc7 29. Qh8+ Ke7 30. Qf6+ Ke8 31. Bh7 Qc3 32. Rd3 Qxa1+ 33. Kg2 Qxa2+ 34.
Kg3 Qe2 35. Qh8+ Ke7 36. Qf6+ Kf8 {Game drawn by mutual agreement} 1/2-1/2

[Event "Team 45 45 League T94"]
[Site "Internet Chess Club"]
[Date "2022.11.12"]
[Round "5"]
[White "bobhill"]
[Black "ElValero"]
[Result "1-0"]
[WhiteElo "1815"]
[BlackElo "1717"]
[Opening "Queen's bishop game"]
[ECO "D02"]
[Time "10:00:19"]
[PlyCount "185"]
[TimeControl "2700+45"]

1. d4 Nf6 2. Nf3 d5 3. Bf4 g6 4. e3 Bg7 5. Bd3 O-O 6. O-O c5 7. c3 b6 8. h3 Bb7
9. Ne5 Nfd7 10. Nxd7 Nxd7 11. Nd2 e5 12. dxe5 Nxe5 13. Be2 Qe7 14. Nf3 Nxf3+ 15.
Bxf3 Rad8 16. Re1 Rfe8 17. Qb3 Be5 18. Bxe5 Qxe5 19. a4 Rd6 20. a5 Qe7 21. Red1
Red8 22. axb6 Rxb6 23. Qa2 a6 24. Bxd5 Bxd5 25. Rxd5 Rxd5 26. Qxd5 Rxb2 27. Rxa6
Qh4 28. Ra8+ Kg7 29. Qe5+ Kh6 30. Qf4+ Qxf4 31. exf4 Rb3 32. Ra7 Kg7 33. Rc7
Rxc3 34. g3 h5 35. h4 Rc1+ 36. Kg2 c4 37. Kf3 c3 38. f5 c2 39. Kf4 Kf6 40. fxg6
Kxg6 41. Rc6+ f6 42. Rc7 Ra1 43. Rxc2 Ra4+ 44. Kf3 Ra3+ 45. Kg2 Kf5 46. Rc5+ Kg6
47. Rc4 Ra5 48. Kf3 Ra3+ 49. Kf4 Ra5 50. f3 Rb5 51. g4 Ra5 52. Kg3 Rb5 53. Rc8
hxg4 54. Rg8+ Kh6 55. Kxg4 Kh7 56. Re8 Kg6 57. h5+ Kh6 58. f4 Ra5 59. Rg8 f5+
60. Kh4 Rb5 61. Rg6+ Kh7 62. Kg5 Ra5 63. Rf6 Ra1 64. Rf7+ Kg8 65. Rxf5 Kg7 66.
h6+ Kh7 67. Rf7+ Kg8 68. Rg7+ Kh8 69. f5 Rg1+ 70. Kf6 Ra1 71. Re7 Rh1 72. h7
Rh6+ 73. Ke5 Ra6 74. Kf4 Ra4+ 75. Re4 Ra6 76. Re6 Ra8 77. Rh6 Ra1 78. Kg5 Rg1+
79. Kf6 Rg7 80. Ke6 Ra7 81. Rh3 Ra6+ 82. Ke5 Ra5+ 83. Kf4 Ra7 84. Kg5 Rg7+ 85.
Kf6 Ra7 86. Re3 Ra8 87. Kg6 Rb8 88. Kf7 Rb7+ 89. Re7 Rb1 90. Re4 Rb7+ 91. Kg6
Rg7+ 92. Kf6 Kxh7 93. Re7 {Black resigns} 1-0

[Event "Team 45 45 League T94"]
[Site "Internet Chess Club"]
[Date "2022.11.14"]
[Round "5"]
[White "vollmerj"]
[Black "discipulo"]
[Result "1/2-1/2"]
[WhiteElo "1492"]
[BlackElo "1688"]
[Opening "Réti opening"]
[ECO "A04"]
[Time "16:37:42"]
[PlyCount "81"]
[TimeControl "2700+45"]

1. Nf3 b6 2. g3 Bb7 3. Bg2 c5 4. O-O g6 5. c3 Bg7 6. d4 Nf6 7. dxc5 bxc5 8. Be3
d6 9. Qa4+ Qd7 10. Qxd7+ Nbxd7 11. Nbd2 Nd5 12. Nc4 Nxe3 13. Nxe3 Rb8 14. Nd1
O-O 15. Nd2 d5 16. Rc1 e6 17. b3 Rfc8 18. c4 Nb6 19. Nc3 a6 20. e3 d4 21. Bxb7
dxc3 22. Bxc8 cxd2 23. Rcd1 Rxc8 24. Rxd2 Be5 25. Rfd1 Bc7 26. Kf1 Kf8 27. f4
Ke7 28. Ke2 a5 29. Kf3 h5 30. h3 a4 31. g4 axb3 32. axb3 hxg4+ 33. hxg4 Rd8 34.
Rxd8 Bxd8 35. Ra1 Nd7 36. e4 Bc7 37. Ra7 Kd6 38. Ra1 Nb8 39. Rd1+ Ke7 40. Rb1
Nc6 41. Ke3 {Game drawn by mutual agreement} 1/2-1/2

[Event "Team 45 45 League T94"]
[Site "Internet Chess Club"]
[Date "2022.11.13"]
[Round "5"]
[White "AlekMoro"]
[Black "primerpaso"]
[Result "0-1"]
[WhiteElo "1828"]
[BlackElo "1804"]
[Opening "English: symmetrical variation"]
[ECO "A16"]
[Time "18:02:23"]
[PlyCount "46"]
[TimeControl "2700+45"]

1. c4 Nf6 2. Nc3 c5 3. g3 Nc6 4. Bg2 g6 5. e4 d6 6. Nge2 Bg7 7. O-O O-O 8. d3
Ne8 9. Be3 Nd4 10. Qd2 e5 11. f4 Rb8 12. h3 f5 13. Kh2 Be6 14. Rab1 Qd7 15. b4
cxb4 16. Rxb4 b6 17. Bxd4 exd4 18. Nb5 fxe4 19. dxe4 Bxc4 20. Rxc4 Qxb5 21. Qd3
Rc8 22. Rfc1 d5 23. exd5 Nd6 {White resigns} 0-1

[Event "Team 45 45 League T94"]
[Site "Internet Chess Club"]
[Date "2022.11.13"]
[Round "5"]
[White "fishhead"]
[Black "VictorRed"]
[Result "1-0"]
[WhiteElo "1710"]
[BlackElo "1698"]
[Opening "Sicilian defense"]
[ECO "B30"]
[Time "18:01:06"]
[PlyCount "95"]
[TimeControl "2700+45"]

1. e4 c5 2. Nf3 Nc6 3. g3 e5 4. Bg2 d6 5. c3 Nf6 6. Qe2 Be7 7. O-O O-O 8. Rd1
Bg4 9. h3 Be6 10. d4 cxd4 11. cxd4 exd4 12. Nxd4 Nxd4 13. Rxd4 Qc8 14. Nc3 Bxh3
15. Rc4 Qd7 16. Bxh3 Qxh3 17. Rc7 Bd8 18. Rxb7 Bb6 19. Qf3 Ng4 20. Nd1 Rae8 21.
Bf4 Re6 22. Qg2 Qxg2+ 23. Kxg2 Rxe4 24. Bxd6 Rfe8 25. Rc1 Re2 26. Bc5 Bxc5 27.
Rxc5 Rd2 28. Rcc7 Rxd1 29. Rxf7 Nf6 30. Rxg7+ Kh8 31. Rgf7 Rd6 32. Rxa7 Rb8 33.
b3 Rbd8 34. b4 Kg8 35. b5 R8d7 36. Rxf6 Rxa7 37. Rxd6 Rxa2 38. b6 Rb2 39. Kf3
Rb4 40. g4 Kf7 41. Rc6 Rb3+ 42. Kf4 Rb4+ 43. Kg3 Kg7 44. f4 Rb3+ 45. Kh4 h6 46.
f5 Rb4 47. Rc7+ Kf6 48. b7 {Black resigns} 1-0

[Event "Team 45 45 League T94"]
[Site "Internet Chess Club"]
[Date "2022.11.12"]
[Round "5"]
[White "Portola"]
[Black "Sandrotov"]
[Result "1/2-1/2"]
[WhiteElo "1687"]
[BlackElo "1601"]
[Opening "Queen's pawn game"]
[ECO "D02"]
[Time "15:00:36"]
[PlyCount "112"]
[TimeControl "2700+45"]

1. d4 d5 2. Nf3 e6 3. c3 Nf6 4. Bg5 Be7 5. Nbd2 O-O 6. e3 h6 7. Bh4 b6 8. Bd3
Ba6 9. Bxa6 Nxa6 10. Qa4 Nb8 11. Ne5 c5 12. O-O Nbd7 13. Ndf3 Qe8 14. Qc2 Rc8
15. Qe2 Nxe5 16. Nxe5 cxd4 17. exd4 Ne4 18. Bg3 Nd6 19. Rfe1 Bf6 20. a4 Bxe5 21.
Bxe5 Nc4 22. Bg3 Qd7 23. f3 Na5 24. Qc2 Rc6 25. Re2 Rfc8 26. Qd1 Rc4 27. Be1
R4c7 28. b4 Nc4 29. Qd3 b5 30. axb5 Qxb5 31. Rea2 Qb6 32. Ra6 Qb7 33. Qe2 Rc6
34. Rxa7 Qb6 35. f4 R6c7 36. Rxc7 Qxc7 37. g3 Nd6 38. Qd3 Ne4 39. Ra3 Qb7 40.
Qb1 Qb5 41. Qd1 Kh7 42. Kg2 Kg8 43. Qf3 Qc4 44. h4 Qb5 45. g4 Qd7 46. g5 hxg5
47. hxg5 Nd6 48. Qh3 Ne4 49. Kh1 Qd6 50. Qg4 Qc7 51. Qf3 Qd7 52. Kg2 Nd6 53. Qg4
Nb5 54. Ra5 Nxc3 55. Bxc3 Rxc3 56. Ra8+ Rc8 {Game drawn by mutual agreement}
1/2-1/2

[Event "Team 45 45 League T94"]
[Site "Internet Chess Club"]
[Date "2022.11.10"]
[Round "5"]
[White "Electryon"]
[Black "BlueStorm"]
[Result "1/2-1/2"]
[WhiteElo "1476"]
[BlackElo "1568"]
[Opening "English opening"]
[ECO "A21"]
[Time "14:02:25"]
[PlyCount "81"]
[TimeControl "2700+45"]

1. c4 e5 2. Nc3 Bc5 3. Nf3 Nc6 4. g3 d6 5. Bg2 Nf6 6. h3 h6 7. e3 Bf5 8. a3 O-O
9. O-O Bd3 10. Re1 Bxc4 11. d4 exd4 12. Nxd4 Nxd4 13. exd4 Bb6 14. Bxb7 Rb8 15.
Bg2 Re8 16. Be3 Ba6 17. b4 Bb7 18. Bxb7 Rxb7 19. Qf3 Rb8 20. Rac1 Qd7 21. g4 Re7
22. Red1 Nh7 23. Kg2 Rbe8 24. Nd5 Re6 25. Nc3 Nf6 26. d5 Rxe3 27. fxe3 Rxe3 28.
Qf5 Qe8 29. Rd3 Rxd3 30. Qxd3 Qe5 31. Qe2 Qg5 32. Re1 h5 33. Ne4 Qxd5 34. Qf3
Nxe4 35. Qxe4 Qa2+ 36. Re2 Qxa3 37. Qe8+ Kh7 38. Qe4+ Kg8 39. Qe8+ Kh7 40. Qe4+
Kg8 41. Qe8+ {Game drawn by repetition} 1/2-1/2

[Event "Team 45 45 League T94"]
[Site "Internet Chess Club"]
[Date "2022.11.19"]
[Round "5"]
[White "CMAlge"]
[Black "herrahuu"]
[Result "1-0"]
[WhiteElo "1326"]
[BlackElo "1457"]
[Opening "Old Benoni defense"]
[ECO "A43"]
[Time "09:59:46"]
[PlyCount "39"]
[TimeControl "2700+45"]

1. d4 c5 2. dxc5 e6 3. Nc3 Bxc5 4. Ne4 Be7 5. Nd6+ Bxd6 6. Qxd6 Ne7 7. e4 O-O 8.
Bd3 Nbc6 9. Nf3 b6 10. O-O Bb7 11. h4 Nc8 12. Qg3 Kh8 13. Qg4 d5 14. e5 N8e7 15.
h5 g6 16. Bg5 Qe8 17. Bf6+ Kg8 18. Qg5 Nf5 19. Bxf5 exf5 20. Qh6 {Black resigns}
1-0

[Event "Team 45 45 League T94"]
[Site "Internet Chess Club"]
[Date "2022.11.15"]
[Round "5"]
[White "DaveTheRook"]
[Black "woofgang"]
[Result "1-0"]
[WhiteElo "1406"]
[BlackElo "1181"]
[Opening "Old Indian defense"]
[ECO "A42"]
[Time "17:01:36"]
[PlyCount "81"]
[TimeControl "2700+45"]

1. d4 d6 2. c4 Nc6 3. Nf3 e5 4. d5 Nce7 5. e4 f5 6. Nc3 Nf6 7. Bd3 h6 8. Qc2 f4
9. Bd2 Ng4 10. h3 Nf6 11. b4 Bd7 12. c5 a6 13. Na4 Nc8 14. Ke2 g5 15. Nh2 Be7
16. f3 Nh5 17. Kf2 Ng3 18. Rhc1 O-O 19. c6 bxc6 20. dxc6 Be6 21. Bc4 d5 22. exd5
Bxd5 23. Qg6+ Kh8 24. Bd3 Rf7 25. Qxh6+ Kg8 26. Ng4 Qf8 27. Qxf8+ Bxf8 28. Nc5
Rg7 29. Bc3 Rf7 30. Bxe5 Bxc6 31. Bc4 Rb8 32. Bxf7+ Kxf7 33. Rab1 a5 34. a3 Ne7
35. Bxc7 Rc8 36. Bxa5 Ngf5 37. Ne5+ Kg7 38. Nxc6 Nxc6 39. Ne6+ Kg6 40. Nxf8+
Rxf8 41. Rxc6+ {Black resigns} 1-0

[Event "Team 45 45 League T94"]
[Site "Internet Chess Club"]
[Date "2022.11.11"]
[Round "5"]
[White "scostanzo212"]
[Black "VictorRed"]
[Result "0-1"]
[WhiteElo "1559"]
[BlackElo "1715"]
[Opening "QGD Slav/Grünfeld: Schlechter variation"]
[ECO "D15"]
[Time "19:08:22"]
[PlyCount "114"]
[TimeControl "2700+45"]

1. d4 d5 2. c4 c6 3. Nf3 Nf6 4. Nc3 g6 5. Bf4 Bg7 6. e3 O-O 7. Rc1 Nh5 8. Bxb8
Rxb8 9. cxd5 cxd5 10. Be2 Nf6 11. O-O a6 12. Na4 Ne4 13. Qc2 Bd7 14. Nc5 Nxc5
15. Qxc5 e6 16. Qd6 Rc8 17. Qb4 b5 18. Rc5 Qb6 19. Rfc1 a5 20. Qd2 Rxc5 21. Rxc5
Rc8 22. Rxc8+ Bxc8 23. Qc2 Bd7 24. b3 Qc6 25. Qxc6 Bxc6 26. Ne5 Be8 27. Nd3 Bf8
28. Kf1 f6 29. h3 Kf7 30. Ke1 Bd6 31. Bf3 Bc6 32. Kd2 e5 33. dxe5 fxe5 34. Nb2
e4 35. Bg4 h5 36. Be2 Bb4+ 37. Kd1 Kf6 38. Bf1 Ke5 39. Be2 d4 40. exd4+ Kxd4 41.
Kc2 Be1 42. Nd1 a4 43. bxa4 bxa4 44. Bf1 Bd5 45. Bb5 a3 46. Kb1 Bxf2 47. Nxf2 e3
48. Nd1 Bxg2 49. h4 Bf3 50. Kc2 e2 51. Bxe2 Bxe2 52. Nc3 Bc4 53. Nb1 Bd3+ 54.
Kc1 Bxb1 55. Kxb1 Kc3 56. Ka1 g5 57. hxg5 h4 {White resigns} 0-1

[Event "Team 45 45 League T94"]
[Site "Internet Chess Club"]
[Date "2022.11.09"]
[Round "5"]
[White "Constrictor"]
[Black "Kingofknights"]
[Result "1-0"]
[WhiteElo "1427"]
[BlackElo "1521"]
[Opening "QGD Slav: Krause attack"]
[ECO "D17"]
[Time "18:31:38"]
[PlyCount "69"]
[TimeControl "2700+45"]

1. d4 d5 2. c4 c6 3. Nf3 Nf6 4. Nc3 dxc4 5. a4 Bf5 6. Ne5 Na6 7. f3 e6 8. e4
Nxe4 9. fxe4 Qh4+ 10. g3 Qf6 11. exf5 exf5 12. Qe2 Be7 13. Qxc4 Nb4 14. Qb3 Rd8
15. Be3 f4 16. gxf4 Qh4+ 17. Bf2 Qxf4 18. Bc4 f6 19. Nf7 Nd5 20. Nxd5 Qe4+ 21.
Kd2 cxd5 22. Nxd8 dxc4 23. Qe3 Bb4+ 24. Ke2 Qxe3+ 25. Bxe3 Kxd8 26. Rhf1 Re8 27.
Rac1 a5 28. Rxc4 Kd7 29. Rf5 Bd6 30. h3 Ke6 31. Rb5 Re7 32. Kd3 Kf7 33. d5 Be5
34. b3 Kg6 35. Bf4 {Black resigns} 1-0

[Event "Team 45 45 League T94"]
[Site "Internet Chess Club"]
[Date "2022.11.13"]
[Round "5"]
[White "Signofthetimes"]
[Black "xingon"]
[Result "1-0"]
[WhiteElo "1539"]
[BlackElo "1338"]
[Opening "Sicilian: Sozin, Leonhardt variation"]
[ECO "B88"]
[Time "11:11:41"]
[PlyCount "41"]
[TimeControl "2700+45"]

1. e4 c5 2. Nf3 d6 3. Bc4 e6 4. Nc3 Nc6 5. d4 cxd4 6. Nxd4 Nf6 7. f3 g6 8. Be3
Bg7 9. Qd2 O-O 10. g4 Bh8 11. h4 Ne5 12. Bb3 a6 13. h5 b5 14. hxg6 fxg6 15.
O-O-O Nc4 16. Bxc4 bxc4 17. Rh3 d5 18. e5 Nd7 19. Nxe6 Qe7 20. Nxf8 Nxf8 21.
Qxd5+ {Black resigns} 1-0

[Event "Team 45 45 League T94"]
[Site "Internet Chess Club"]
[Date "2022.11.12"]
[Round "5"]
[White "pandaknight"]
[Black "kingphisch"]
[Result "1-0"]
[WhiteElo "1107"]
[BlackElo "1318"]
[Opening "Benkö gambit: main line"]
[ECO "A58"]
[Time "14:01:41"]
[PlyCount "71"]
[TimeControl "2700+45"]

1. c4 Nf6 2. d4 c5 3. d5 b5 4. cxb5 a6 5. bxa6 Bxa6 6. Nc3 g6 7. e4 Bxf1 8. Kxf1
d6 9. Nf3 Bg7 10. g3 O-O 11. Kg2 Nbd7 12. Re1 Re8 13. h3 Nb6 14. Nd2 e5 15. a4
Qd7 16. b3 Reb8 17. Nc4 Nxc4 18. bxc4 Ra5 19. Bg5 Ne8 20. Nb5 Nc7 21. f3 Rba8
22. Re2 Nxb5 23. cxb5 f5 24. Bd2 R5a7 25. Bc3 fxe4 26. fxe4 Qb7 27. Rea2 Rf8 28.
Qg4 Qf7 29. a5 h5 30. Qe2 Qb7 31. a6 Qc8 32. b6 Raf7 33. Qb5 Qd7 34. Qxd7 Rxd7
35. b7 Rb8 36. a7 {Black resigns} 1-0

[Event "Team 45 45 League T94"]
[Site "Internet Chess Club"]
[Date "2022.11.13"]
[Round "5"]
[White "ElValero"]
[Black "walkover"]
[Result "1/2-1/2"]
[WhiteElo "1716"]
[BlackElo "1704"]
[Opening "English: symmetrical, three knights system"]
[ECO "A30"]
[Time "11:06:51"]
[PlyCount "37"]
[TimeControl "2700+45"]

1. Nf3 Nf6 2. c4 c5 3. Nc3 d5 4. cxd5 Nxd5 5. d4 Nxc3 6. bxc3 e6 7. g3 cxd4 8.
cxd4 Nc6 9. Bg2 Be7 10. O-O O-O 11. Rb1 Bf6 12. Bb2 Qa5 13. Qb3 Rd8 14. Rfd1 Qh5
15. e4 Na5 16. Qc3 Nc6 17. Qb3 Na5 18. Qc3 Nc6 19. Qb3 {Game drawn by
repetition} 1/2-1/2

[Event "Team 45 45 League T94"]
[Site "Internet Chess Club"]
[Date "2022.11.13"]
[Round "5"]
[White "julesraider"]
[Black "ARMAND02019"]
[Result "1-0"]
[WhiteElo "1610"]
[BlackElo "1574"]
[Opening "QGD: Orthodox defense, Rubinstein variation"]
[ECO "D61"]
[Time "21:00:27"]
[PlyCount "57"]
[TimeControl "2700+45"]

1. d4 e6 2. c4 d5 3. Nc3 Nf6 4. Bg5 Be7 5. Nf3 O-O 6. e3 Nbd7 7. Qc2 c6 8. a3 h6
9. Bf4 Nh5 10. Bd3 Nxf4 11. exf4 f5 12. O-O Nf6 13. Ne5 dxc4 14. Bxc4 Qxd4 15.
Ba2 Qxf4 16. Ng6 Qg5 17. Nxe7+ Kh8 18. Nxc8 Raxc8 19. Bxe6 Rce8 20. Bxf5 Nh5 21.
Be4 Rf4 22. f3 Rh4 23. Qf2 Nf4 24. Qg3 Qc5+ 25. Kh1 g5 26. Qf2 Qd6 27. Rad1 Nd3
28. Qg1 Rexe4 29. Nxe4 {Black resigns} 1-0